 Dungeon Crawl Stone Soup version 0.23.2-40-g277498a001 (webtiles) character file.

Game seed: 2606193151913953997

24 BeastOfSaturn the Insei (level 2, -1/21 HPs)
             Began as a Demonspawn Transmuter on Oct 9, 2019.
             Slain by a kobold
             ... wielding a +1 short sword of electrocution
              (20 damage)
             ... on level 2 of the Dungeon.
             The game lasted 00:08:17 (1429 turns).

BeastOfSaturn the Insei (Demonspawn Transmuter)     Turns: 1429, Time: 00:08:18

Health: -1/21      AC:  2    Str: 10    XL:     2   Next: 79%
Magic:  4/5        EV: 12    Int: 14    God:
Gold:   48         SH:  0    Dex: 13    Spells: 4/5 levels left

rFire    . . .     SeeInvis .     - Unarmed
rCold    . . .     Gourm    .   (no shield)
rNeg     . . .     Faith    .   b - +0 robe
rPois    .         Spirit   .   (helmet restricted)
rElec    .         Reflect  .   c - scarf {repulsion}
rCorr    .         Harm     .   (no gloves)
MR       .....                  (boots currently unavailable)
Stlth    +.........             (no amulet)
HPRegen  0.07/turn              (no ring)
MPRegen  0.09/turn              (no ring)

@: appendage, repel missiles
A: antennae 1, talons 3
a: End Transformation


You were on level 2 of the Dungeon.
You were not hungry.
You had grown temporary talons.
You visited 1 branch of the dungeon, and saw 2 of its levels.

You collected 48 gold pieces.

Inventory:

Missiles
 a - 34 arrows
Armour
 b - a +0 robe (worn)
 c - a scarf of repulsion (worn)
Wands
 l - a wand of clouds (4)
Scrolls
 f - a scroll of teleportation {unknown}
 g - a scroll of noise {unknown}
 h - a scroll of remove curse {unknown}
 k - a scroll of fear {unknown}
Potions
 e - a potion of invisibility
 j - 2 potions of degeneration
Comestibles
 d - 3 rations


   Skills:
 - Level 1.0 Fighting
 * Level 2.1 Dodging
 * Level 3.3 Unarmed Combat
 - Level 2.0 Spellcasting
 + Level 2.0 Transmutations


You had 4 spell levels left.
You knew the following spells:

 Your Spells              Type           Power        Failure   Level  Hunger
a - Beastly Appendage     Tmut           #.....       11%         1    ##.....

Your spell library contained the following spells:

 Spells                   Type           Power        Failure   Level  Hunger
 Sticks to Snakes         Tmut           #.......     16%         2    ###....
 Spider Form              Tmut/Pois      #.........   43%         3    ####...
 Ice Form                 Ice/Tmut       #.......     83%         4    #####..
 Blade Hands              Tmut           #.........   96%         5    ######.


Dungeon Overview and Level Annotations

Branches:
Dungeon (2/15)

Altars:
Makhleb
Qazlal


Innate Abilities, Weirdness & Mutations

You have a pair of small antennae on your head.
You have claws for feet.


Message History

There is an open door here.
There is a stone staircase leading up here.
Found a stone staircase leading down.
There is a stone staircase leading down here.
There is a stone staircase leading down here.
Found a whip.
Found a burning altar of Makhleb.
A kobold comes into view.
It is wielding a +1 short sword of electrocution.
Found an embroidered cloak.
There is a burning altar of Makhleb here.
Things that are here:
a whip; a robe
Okay, then.
Casting: Beastly Appendage (safe; 11% risk of failure)
Confirm with . or Enter, or press ? or * to list all spells.
Your feet morph into talons.
The kobold shouts!
The kobold hits you with a +1 short sword of electrocution.
You are electrocuted!!
Ouch! That really hurt!
You die...

≈≈.≈.....## .
##. . ### ...
.. #.. #.#
.#### #.# #.#
...[ .
#.###..#
....###.##..#
......K@...#
###.###.._.#
. ##...## ##
####.## ....
#..###....
##.....#
#.###.# # #.#
#.####.##
#.###......##


You could see a kobold.

Vanquished Creatures
  An ooze (D:1)
  2 dart slugs
  A leopard gecko (D:2)
  3 bats (D:1)
  A goblin (D:1)
  3 kobolds (D:1)
  2 frilled lizards
  4 rats (D:2)
17 creatures vanquished.

Notes
Turn   | Place    | Note
-------+----------+-------------------------------------------
     0 | D:1      | BeastOfSaturn the Demonspawn Transmuter began the quest for
                  | the Orb.
     0 | D:1      | Reached XP level 1. HP: 15/15 MP: 3/3
   275 | D:1      | Reached skill level 3 in Unarmed Combat
   275 | D:1      | Lost mutation: You have a pair of horns on your head.
                  | [demonic ancestry]
   275 | D:1      | Lost mutation: You have a pair of small horns on your head.
                  | [demonic ancestry]
   275 | D:1      | Gained mutation: You have a pair of small antennae on your
                  | head. [demonic ancestry]
   275 | D:1      | Reached XP level 2. HP: 13/21 MP: 3/5
  1086 | D:2      | Found a stormy altar of Qazlal.
  1421 | D:2      | Found a burning altar of Makhleb.
  1429 | D:2      | Slain by a kobold

Skill      XL: |  1  2 |
---------------+-------+-----
Unarmed Combat | 3 |  3.3
Transmutations | 2 |  2.0
Dodging        | 2 |  2.1
Fighting       | |  1.0
Spellcasting   | |  2.0

Action                   || total
-------------------------++-------
Melee: Unarmed           ||    52
       Kick              ||     6
 Cast: Beastly Appendage ||    12
  Use: Scroll            ||     2
 Stab: Sleeping          ||     1
  Eat: Ration            ||     1
Armor: Robe              ||     8
Dodge: Dodged            ||    31
       Deflected         ||     3
